 Dungeon Crawl Stone Soup version 0.22.0-38-g04b72b8 (webtiles) character file.

397 jerryfan the Cudgeler (level 6, 0/47 HPs)
             Began as a Gnoll Wanderer on Aug 28, 2018.
             Slain by a river rat (1 damage)
             ... on level 4 of the Dungeon.
             The game lasted 00:13:38 (3160 turns).

jerryfan the Cudgeler (Gnoll Wanderer)              Turns: 3160, Time: 00:13:39

Health: 0/47       AC:  5    Str: 16    XL:     6   Next: 83%
Magic:  11/11      EV:  9    Int: 15    God:
Gold:   173        SH: 10    Dex: 14    Spells: 12/12 levels left

rFire    . . .     SeeInvis .   e - +0 mace
rCold    . . .     Gourm    .   s - +2 shield
rNeg     . . .     Faith    .   j - +0 ring mail
rPois    .         Spirit   .   (no helmet)
rElec    .         Reflect  .   (no cloak)
rCorr    +         Harm     .   (no gloves)
MR       .....                  (no boots)
Stlth    +.........             (no amulet)
HPRegen  0.15/turn              x - ring of resist corrosion
MPRegen  0.12/turn              (no ring)

@: no status effects
A: distributed training, fangs 1, strong nose
a: no special abilities


You were on level 4 of the Dungeon.
You were hungry.

You visited 1 branch of the dungeon, and saw 4 of its levels.

You collected 173 gold pieces.

Inventory:

Hand Weapons
 b - a +2 blowgun
 c - a +0 hand crossbow
 e - a +0 mace (weapon)
Missiles
 a - 2 curare-tipped needles
 d - 22 bolts
Armour
 f - a +0 robe
 j - a +0 ring mail (worn)
 o - a +0 shield
 s - a +2 shield (worn)
Jewellery
 x - a ring of resist corrosion (left hand)
Scrolls
 h - 7 scrolls of identify
 i - 2 scrolls of immolation {unknown}
 l - 3 scrolls of teleportation
 p - a scroll of fear {unknown}
 r - a scroll of amnesia {unknown}
 t - 3 scrolls of remove curse {unknown}
 u - a scroll of blinking {unknown}
 w - a scroll of fog {unknown}
 y - 2 scrolls of enchant weapon {unknown}
Potions
 k - a potion of cancellation {unknown}
 m - a potion of agility
 n - a potion of flight {unknown}
 q - a potion of ambrosia {unknown}
 v - a potion of brilliance {unknown}
Comestibles
 g - 7 rations


   Skills:
 + Level 3.3 Fighting
 + Level 2.1 Short Blades
 + Level 2.1 Long Blades
 + Level 2.1 Axes
 + Level 6.9 Maces & Flails
 + Level 2.1 Polearms
 + Level 2.1 Staves
 + Level 2.1 Slings
 + Level 2.1 Bows
 + Level 2.1 Crossbows
 + Level 3.3 Throwing
 + Level 3.3 Armour
 + Level 2.1 Dodging
 + Level 2.1 Stealth
 + Level 2.1 Shields
 + Level 2.1 Unarmed Combat
 + Level 3.5 Spellcasting
 + Level 1.6 Conjurations
 + Level 2.7 Hexes
 + Level 1.6 Charms
 + Level 1.6 Summonings
 + Level 2.7 Necromancy
 + Level 1.6 Translocations
 + Level 1.6 Transmutations
 + Level 1.6 Fire Magic
 + Level 1.6 Ice Magic
 + Level 1.6 Air Magic
 + Level 1.6 Earth Magic
 + Level 1.6 Poison Magic
 + Level 2.3 Invocations
 + Level 3.3 Evocations


You had 12 spell levels left.
You didn't know any spells.
Your spell library was empty.

Dungeon Overview and Level Annotations

Branches:
Dungeon (4/15)             Temple (0/1) D:4

Altars:
Ashenzari
Elyvilon
The Shining One


Innate Abilities, Weirdness & Mutations

Your experience applies equally to all skills.
You have very sharp teeth.
Your uncanny sense of smell can sniff out nearby items.


Message History

You closely miss the river rat.
The river rat is lightly wounded.
The river rat bites you. x2; You block the river rat's attack.
The river rat bites you!
You barely miss the river rat.
The river rat is lightly wounded.
The river rat closely misses you. The river rat bites you.
The river rat closely misses you.
You hit the river rat but do no damage.
The river rat is lightly wounded.
The river rat bites you.
* * * LOW HITPOINT WARNING * * *
The river rat bites you.
* * * LOW HITPOINT WARNING * * *
The river rat bites you!
* * * LOW HITPOINT WARNING * * *
You closely miss the river rat.
The river rat is lightly wounded.
The river rat closely misses you. The river rat bites you.
You die... ############# #....r@r....# #.####r####.# ########.# rrr ......>..# rrrrr

########.#.rrr.r.
#.#########
#......# #......#
.... #...._.#


You could see 6 river rats and 9 rats.

Vanquished Creatures
  An ogre (D:3)
  A gnoll sergeant (D:3)
  An orc wizard (D:3)
  2 worker ants (D:4)
  3 gnolls
  A river rat (D:4)
  6 adders
  2 worms (D:3)
  2 dart slugs
  A leopard gecko (D:3)
  5 orcs
  4 giant cockroaches
  9 hobgoblins
  4 jackals (D:2)
  3 kobolds
  4 quokkas
  2 ball pythons
  3 bats (D:1)
  4 frilled lizards
  10 goblins
  11 rats
79 creatures vanquished.

Notes
Turn   | Place    | Note
-------+----------+-------------------------------------------
     0 | D:1      | jerryfan the Gnoll Wanderer began the quest for the Orb.
     0 | D:1      | jerryfan set off with: 4 curare-tipped needles, a +2 blowgun, a +0 hand crossbow, 23 bolts, a +0 mace, a +0 robe, a ration
     0 | D:1      | Reached XP level 1. HP: 17/17 MP: 4/4
    74 | D:1      | Found a shattered altar of Ashenzari.
   157 | D:1      | Reached XP level 2. HP: 19/23 MP: 5/5
   795 | D:2      | Reached XP level 3. HP: 13/28 MP: 7/7
   991 | D:2      | Found a glowing golden altar of the Shining One.
  1156 | D:2      | Reached skill level 1 in Invocations
  1378 | D:2      | Reached skill level 1 in Short Blades
  1378 | D:2      | Reached skill level 1 in Long Blades
  1378 | D:2      | Reached skill level 1 in Axes
  1378 | D:2      | Reached skill level 1 in Polearms
  1378 | D:2      | Reached skill level 1 in Staves
  1378 | D:2      | Reached skill level 1 in Slings
  1378 | D:2      | Reached skill level 1 in Bows
  1378 | D:2      | Reached skill level 1 in Crossbows
  1378 | D:2      | Reached skill level 1 in Dodging
  1378 | D:2      | Reached skill level 1 in Stealth
  1378 | D:2      | Reached skill level 1 in Shields
  1378 | D:2      | Reached skill level 1 in Unarmed Combat
  1622 | D:3      | Reached XP level 4. HP: 34/34 MP: 8/8
  1878 | D:3      | Noticed an ogre
  1888 | D:3      | Reached skill level 1 in Conjurations
  1888 | D:3      | Reached skill level 1 in Charms
  1888 | D:3      | Reached skill level 1 in Summonings
  1888 | D:3      | Reached skill level 1 in Translocations
  1888 | D:3      | Reached skill level 1 in Transmutations
  1888 | D:3      | Reached skill level 1 in Fire Magic
  1888 | D:3      | Reached skill level 1 in Ice Magic
  1888 | D:3      | Reached skill level 1 in Air Magic
  1888 | D:3      | Reached skill level 1 in Earth Magic
  1888 | D:3      | Reached skill level 1 in Poison Magic
  1900 | D:3      | Killed an ogre
  1900 | D:3      | Reached XP level 5. HP: 3/41 MP: 9/9
  2283 | D:3      | Reached XP level 6. HP: 47/47 MP: 10/10
  2740 | D:4      | Found a staircase to the Ecumenical Temple.
  2990 | D:4      | Found a white marble altar of Elyvilon.
  3159 | D:4      | HP: 1/47 [river rat (8)]
  3160 | D:4      | Slain by a river rat

Skill      XL: |  1  2  3  4  5  6 |
---------------+-------------------+-----
Hexes          | 2 |  2.7
Necromancy     | 2 |  2.7
Invocations    | 1 2 |  2.3
Short Blades   | 1 2 |  2.1
Long Blades    | 1 2 |  2.1
Axes           | 1 2 |  2.1
Polearms       | 1 2 |  2.1
Staves         | 1 2 |  2.1
Slings         | 1 2 |  2.1
Bows           | 1 2 |  2.1
Crossbows      | 1 2 |  2.1
Dodging        | 1 2 |  2.1
Stealth        | 1 2 |  2.1
Shields        | 1 2 |  2.1
Unarmed Combat | 1 2 |  2.1
Spellcasting   | 3 |  3.5
Conjurations   | 1 |  1.6
Charms         | 1 |  1.6
Summonings     | 1 |  1.6
Translocations | 1 |  1.6
Transmutations | 1 |  1.6
Fire Magic     | 1 |  1.6
Ice Magic      | 1 |  1.6
Air Magic      | 1 |  1.6
Earth Magic    | 1 |  1.6
Poison Magic   | 1 |  1.6
Fighting       | 3 |  3.3
Throwing       | 3 |  3.3
Armour         | 3 |  3.3
Evocations     | 3 |  3.3
Maces & Flails | |  6.9

Action                   |  1- 3 |  4- 6 || total
-------------------------+-------+-------++-------
Melee: Mace              |    44 |    26 ||    70
       Bite              |     4 |     2 ||     6
 Fire: Hand crossbow     |    64 |    81 ||   145
       Blowgun           |       |     6 ||     6
  Use: Scroll            |       |     2 ||     2
       Potion            |       |     3 ||     3
  Eat: Chunk             |     2 |     4 ||     6
Armor: Robe              |     6 |       ||     6
       Ring mail         |    30 |    21 ||    51
Dodge: Dodged            |    33 |    25 ||    58
Block: Shield            |    38 |    23 ||    61
